 Dungeon Crawl Stone Soup version 0.28-a0-1182-g381e24db82 (webtiles) character file.

Game seed: 2418497441345042050

72 LadyOphelia the Skirmisher (level 4, 0/41 HPs)
             Began as a Minotaur Berserker on Dec 17, 2021.
             Was a Believer of Trog.
             Slain by a wyvern (14 damage)
             ... on level 4 of the Dungeon.
             The game lasted 00:03:12 (1370 turns).

LadyOphelia the Skirmisher (Minotaur Berserker)     Turns: 1370, Time: 00:03:12

Health: 0/41       AC:  3    Str: 23    XL:     4   Next: 6%
Magic:  3/3        EV: 12    Int:  4    God:    Trog [**....]
Gold:   97         SH:  0    Dex: 10    Spells: 3/3 levels left

rFire   . . .      SeeInvis .   a - +0 hand axe
rCold   . . .      Faith    .   (no shield)
rNeg    . . .      Spirit   .   i - +0 leather armour
rPois   .          Reflect  .   (helmet restricted)
rElec   .          Harm     .   (no cloak)
rCorr   .          Rampage  .   (no gloves)
Will    .....                   (no boots)
Stlth   +.........              (no amulet)
HPRegen 0.13/turn               (no ring)
MPRegen 0.08/turn               (no ring)

@: no status effects
A: horns 2, retaliatory headbutt
a: Renounce Religion, Berserk, Trog's Hand


You were on level 4 of the Dungeon.
You worshipped Trog.
Trog was pleased with you.
You visited 1 branch of the dungeon, and saw 3 of its levels.

You collected 97 gold pieces.

Inventory:

Hand Weapons
 a - a +0 hand axe (weapon)
Armour
 b - a +0 animal skin
 i - a +0 leather armour (worn)
Wands
 f - a wand of iceblast (8)
 h - a wand of paralysis (10)
Scrolls
 d - a scroll of magic mapping {unknown}
 e - 2 scrolls of identify {unknown}
Potions
 c - a potion of lignification {unknown}
 g - a potion of curing {unknown}


   Skills:
 + Level 4.8 Fighting
 + Level 4.4 Axes
 + Level 2.9 Armour
 + Level 2.6 Dodging


You had 3 spell levels left.
You didn't know any spells.
Your spell library was empty.

Dungeon Overview and Level Annotations

Branches:
Dungeon (2/15)

Altars:
Trog
Xom


Innate Abilities, Weirdness & Mutations

You have a pair of horns on your head.
You reflexively headbutt those who attack you in melee.


Message History

You hit the dart slug.
The dart slug is lightly wounded.
You barely miss the adder.
You feel sick. The adder barely misses you. You furiously retaliate!
You headbutt the adder. The dart slug closely misses you.
You slash the dart slug!
You kill the dart slug!
Trog accepts your kill.
You hit the adder.
You feel sick. The adder closely misses you. The adder bites you.
You are more poisoned.
The adder poisons you!
You hit the adder.
You kill the adder!
Trog accepts your kill.
You feel sick.
You have reached level 4!
You feel agile.
You hit the hobgoblin but do no damage. You headbutt the hobgoblin.
You kill the hobgoblin!
Trog accepts your kill.
You feel sick.
You feel sick.
You see here a hobgoblin corpse.
You feel sick.
You feel sick.
You see here a hobgoblin corpse.
You feel sick.
You feel sick.
You are no longer poisoned.
A hound is nearby!
You now have 97 gold pieces (gained 9).
You see here a hobgoblin corpse.
e - 2 scrolls labelled LITZEX UBBIO (gained 1)
You hear the brisk hiss of a very distant avalanche of sand.
A wyvern comes into view.
The wyvern bites you!
You hit the wyvern but do no damage. Your headbutt misses the wyvern.
The wyvern bites you!
You die...

.......................
.#....................
.............#.......
#...........####.....
#...#.....#.# ####..
...#....#### ###
#...##.# ##l..#.#
#@..#.# #.....# ####..#
##†# #.# #.# ..# .###
..


You could see a wyvern.

Vanquished Creatures
  A hound skeleton (D:4)
  3 adders
  A dart slug (D:4)
  2 ball pythons (D:1)
  3 endoplasms
  A giant cockroach (D:4)
  5 goblins
  6 hobgoblins
  2 quokkas (D:1)
  A bat (D:1)
  2 kobolds (D:1)
  6 rats
33 creatures vanquished.

Notes
Turn   | Place    | Note
-------+----------+-------------------------------------------
     0 | D:1      | LadyOphelia the Minotaur Berserker began the quest for the
                  | Orb.
     0 | D:1      | Reached XP level 1. HP: 19/19 MP: 0/0
   203 | D:1      | Reached XP level 2. HP: 26/27 MP: 1/1
   217 | D:1      | Found a faded altar of an unknown god.
   696 | D:2      | Reached XP level 3. HP: 29/34 MP: 2/2
   959 | D:2      | You fall into a shaft and drop 2 floors!
  1041 | D:4      | Reached ** piety under Trog
  1133 | D:4      | Found a bloodstained altar of Trog.
  1136 | D:4      | Found a shimmering altar of Xom.
  1336 | D:4      | Reached XP level 4. HP: 26/41 MP: 3/3
  1365 | D:4      | Noticed a wyvern
  1370 | D:4      | Slain by a wyvern

Illustrated notes

Levels and vault maps discovered:
D:1:      minmay_arrival_four_circles, layout_rooms,
          ebering_ecumenical_altar_box
D:2:      cheibrodos_helix_gallery, layout_loops_ring, chequers_mini_garden
D:4:      layout_cave_pools, nicolae_overflow_squiral,
          mainiacjoe_overflow_catwalk, enter_ossuary_4, minmay_bent,
          uniq_blork_the_orc

Skill      XL: |  1  2 |
---------------+-------+-----
Axes           | 4 |  4.4
Fighting       | 4 |  4.8
Armour         | |  2.9
Dodging        | |  2.6

Action                   |  1- 3 |  4- 6 || total
-------------------------+-------+-------++-------
Melee: Hand axe          |    54 |     2 ||    56
       Headbutt          |    11 |     1 ||    12
Armor: Animal skin       |    14 |       ||    14
       Leather armour    |     1 |       ||     1
Dodge: Dodged            |    40 |       ||    40

Table legend: (Time is in decaauts)
 A = Elapsed time spent in this place.
 B = Non-inter-level travel time spent in this place.
 C = Inter-level travel time spent in this place.
 D = Time resting spent in this place.
 E = Time spent auto-exploring this place.
 F = Levels seen in this place.
 G = Mean time per level.
                   A        B        C        D        E       F      G
               +--------+--------+--------+--------+--------+-----+--------+
         Total |   1374 |   1348 |     26 |      0 |   1066 |   3 |  458.0 |
       Dungeon |   1374 |   1348 |     26 |      0 |   1066 |   3 |  458.0 |
               +--------+--------+--------+--------+--------+-----+--------+

Top non-repeatable levels by time:
     D:1: 672 daAuts
     D:4: 412 daAuts
     D:2: 290 daAuts
